 Dungeon Crawl Stone Soup version 0.31.0-11-ge490571c62 (webtiles) character file.

Game seed: 17517037108944766059

17369 magipi the Protected (level 12, -4/85 HPs)
             Began as a Minotaur Brigand on Jan 26, 2024.
             Was an Elder of Hepliaklqana.
             Slain by a red ugly thing (16 damage)
             ... on level 14 of the Dungeon.
             The game lasted 00:38:27 (11804 turns).

magipi the Protected (Minotaur Brigand)            Turns: 11804, Time: 00:38:28

Health: -4/85      AC: 15    Str: 22    XL:     12   Next: 18%
Magic:  15/15      EV: 13    Int: 11    God:    Hepliaklqana [****..]
Gold:   508        SH:  0    Dex: 20    Spells: 11/11 levels left

rFire   . . .        a - +1 hand axe (elec)
rCold   + . .        (no shield)
rNeg    . . .        F - +0 acid dragon scales
rPois   +            (helmet restricted)
rElec   .            c - +1 cloak
rCorr   +            s - +1 pair of gloves "Ferghevecu" {^Drain rPois rC+ Int+3 Dex+3}
SInv    .            q - +0 pair of boots
Will    +....        (no amulet)
Stlth   ++           k - +6 ring of strength
HPRegen 0.34/turn    m - ring of willpower
MPRegen 0.14/turn

%: no passive effects
@: no status effects
A: reduced essence, horns 2, retaliatory headbutt
a: Renounce Religion, Recall Ancestor, Ancestor Identity, Transference, Idealise


You were on level 14 of the Dungeon.
You worshipped Hepliaklqana.
Hepliaklqana was greatly pleased with you.
You visited 2 branches of the dungeon, and saw 14 of its levels.
You also visited: Sewer.

You collected 616 gold pieces.
You spent 108 gold pieces at shops.

Inventory:

Hand Weapons
 a - a +1 hand axe of electrocution (weapon)
 b - a +1 broad axe
 u - the +5 hand axe of Misheyrch {holy, rElec Str-5 Dex+8}
   (You found it on level 3 of the Dungeon)

   Str-5:     It affects your strength (-5).
   Dex+8:     It affects your dexterity (+8).
   rElec:     It insulates you from electricity.
 N - a +4 morningstar
Missiles
 d - 30 poisoned darts
 e - a curare-tipped dart
 G - 15 boomerangs (quivered)
Armour
 c - a +1 cloak (worn)
 q - a +0 pair of boots (worn)
 s - the +1 pair of gloves "Ferghevecu" (worn) {^Drain rPois rC+ Int+3 Dex+3}
   (You found it on level 5 of the Dungeon)

   Int+3:     It affects your intelligence (+3).
   Dex+3:     It affects your dexterity (+3).
   rC+:       It protects you from cold.
   rPois:     It protects you from poison ^Drain: It drains your maximum health
   when unequipped.
 F - +0 acid dragon scales (worn)
Jewellery
 k - a +6 ring of strength (left hand)
 m - a ring of willpower (right hand)
 r - a ring of wizardry
Wands
 L - a wand of paralysis (1)
 M - a wand of roots (3)
 Q - a wand of polymorph (4)
Scrolls
 o - a scroll of fear
 p - 3 scrolls of fog
 v - 5 scrolls of teleportation
 w - 5 scrolls of noise
 y - 2 scrolls of enchant armour
 A - 3 scrolls of revelation
 H - 4 scrolls of immolation
 J - 3 scrolls of vulnerability
 O - a scroll of silence
Potions
 f - a potion of berserk rage
 g - 5 potions of invisibility
 h - 6 potions of lignification
 j - 3 potions of might
 n - 7 potions of curing
 t - 2 potions of cancellation {unknown}
 x - 4 potions of heal wounds {unknown}
 z - 3 potions of enlightenment {unknown}
 B - a potion of experience {unknown}
 C - a potion of haste {unknown}
 D - a potion of brilliance {unknown}
 E - 2 potions of mutation
 I - a potion of resistance {unknown}
 K - 2 potions of attraction {unknown}


   Skills:
 + Level 5.7 Fighting
 - Level 2.1 Short Blades
 + Level 10.5(10.7) Axes
 - Level 3.4(7.5) Maces & Flails
 - Level 10.3 Throwing
 - Level 11.8 Armour
 + Level 3.8 Dodging
 - Level 3.2 Stealth
 + Level 6.6 Invocations
 + Level 6.0 Evocations


You had 11 spell levels left.
You didn't know any spells.
Your spell library contained the following spells:

 Spells                   Type           Power      Damage    Failure   Level
 Shock                    Conj/Air       0%         1d3       38%         1
 Blink                    Tloc           0%         N/A       54%         2
 Lesser Beckoning         Tloc           0%         N/A       54%         2
 Momentum Strike          Conj/Tloc      0%         3d8       54%         2
 Call Canine Familiar     Summ           0%         N/A       77%         3
 Gell's Gravitas          Tloc           0%         N/A       77%         3
 Sigil of Binding         Hex            0%         N/A       77%         3
 Swiftness                Air            0%         N/A       77%         3
 Teleport Other           Tloc           0%         N/A       77%         3
 Airstrike                Air            0%         2d(0-16)  99%         4
 Brom's Barrelling Bould  Conj/Erth      0%         2d3       99%         4
 Dimensional Bullseye     Hex/Tloc       0%         N/A       99%         4
 Vhi's Electric Charge    Tloc/Air       0%         N/A       99%         4
 Arcjolt                  Conj/Air       0%         1d10      100%        5
 Fireball                 Conj/Fire      0%         3d3       100%        5
 Iskenderun's Battlesphe  Conj           0%         2d6       100%        5
 Conjure Ball Lightning   Conj/Air       0%         3x3d6     100%        6
 Plasma Beam              Fire/Air       0%         2x1d10    100%        6
 Orb of Destruction       Conj           0%         9d5       100%        7


Dungeon Overview and Level Annotations

Branches:
Dungeon (12/15)            Temple (1/1) D:4            Lair (0/5) D:9
    Orc (0/2) D:10          Sewer (visited)

Altars:
Ashenzari
Cheibriados
Dithmenos
Elyvilon
Fedhas
Gozag
Hepliaklqana
Kikubaaqudgha
Makhleb
Nemelex Xobeh
Okawaru
Qazlal
Ru
Sif Muna
Trog
Uskayaw
Vehumet
Wu Jian
Xom
Yredelemnul
Zin
The Shining One

Shops:
D:7 [   D:11 (

Portals:
Trove: D:11 (give horn of Geryon)

Annotations:
D:6 1 runed translucent door, Crazy Yiuf


Innate Abilities, Weirdness & Mutations

Your life essence is reduced to manifest your ancestor. (-10% HP)
You have a pair of horns on your head.
You reflexively headbutt those who attack you in melee.


Message History

Aim: a green ugly thing (severely wounded, 67% to hit)
You throw a boomerang.
The boomerang hits the green ugly thing!
The green ugly thing is severely wounded.
You hit the green ugly thing.
You headbutt the green ugly thing, but do no damage.
The green ugly thing is almost dead.
You hit the green ugly thing but do no damage.
Lightning courses through the green ugly thing!
You kill the green ugly thing!
You hit the red ugly thing.
Lightning courses through the red ugly thing!!
The red ugly thing is moderately wounded.
The red ugly thing misses you.
You closely miss the red ugly thing.
The red ugly thing is moderately wounded.
You closely miss the red ugly thing.
The red ugly thing is moderately wounded.
The red ugly thing bites you but does no damage.
You hit the red ugly thing but do no damage.
You headbutt the red ugly thing!
The red ugly thing is heavily wounded.
The red ugly thing bites you but does no damage.
You hit the red ugly thing. You headbutt the red ugly thing!
The red ugly thing is severely wounded.
The red ugly thing bites you.
You are engulfed in flames!!
* * * LOW HITPOINT WARNING * * *
Unknown command.
Unknown command.
Unknown command.
Aiming: Fastroot
Press: ? - help, Shift-Dir - straight line, f - red ugly thing
Aim: a red ugly thing (severely wounded)
The roots erupt in riotous growth!
Roots grab the red ugly thing.
The grasping roots constrict the red ugly thing.
The red ugly thing bites you.
* * * LOW HITPOINT WARNING * * *
You are engulfed in flames!
You die...

###
...#########.##
....?^....))#)#
#######@####)##
#u# #.# #.# #.#
#.# #.# #.# #.#
#.# #.# #.# #.#
#(# #.# #. #.#
#.#


You could see a red ugly thing (rooted).

Vanquished Creatures
  A hydra (D:14)
  3 boulder beetles
  A centaur warrior (D:14)
  A two-headed ogre (D:10)
  3 ugly things (D:14)
  A cyclops (D:11)
  2 manticores (D:11)
  A gargoyle (D:12)
  Maggie (D:6)
  A komodo dragon (D:9)
  2 tengu conjurers (D:11)
  2 trolls
  Prince Ribbit (D:6)
  A shadow (D:10)
  A vampire (D:11)
  7 yaks
  A steam dragon (D:8)
  3 vampire mosquitoes (D:9)
  Menkaure (D:6)
  Edmund (D:4)
  An acid dragon (D:11)
  A water moccasin (D:8)
  2 ice beasts
  3 sky beasts
  5 orc warriors
  An ogre (D:4)
  6 centaurs
  A kobold brigand (D:8)
  A phantom (D:7)
  4 bullfrogs
  A gnoll sergeant (D:9)
  3 wights (D:8)
  13 killer bees
  A howler monkey (D:8)
  2 bombardier beetles
  3 jellies
  3 hounds
  4 orc priests
  4 sleepcaps
  Jessica (D:2)
  4 iguanas
  2 hexers
  14 orc wizards
  12 gnolls
  15 adders
  2 river rats (Sewer)
  A shadow imp (D:6)
  A white imp (D:6)
  2 dart slugs
  3 ribbon worms
  27 orcs
  2 bats (D:2)
  8 endoplasms
  7 giant cockroaches
  8 goblins
  10 hobgoblins
  5 jackals (D:1)
  10 quokkas
  14 ball pythons
  14 frilled lizards
  9 kobolds
  25 rats
290 creatures vanquished.

Vanquished Creatures (collateral kills)
  A two-headed ogre (D:12)
  A cyclops (D:11)
  2 trolls
  A shadow (D:11)
  5 yaks
  A wyvern (D:7)
  A steam dragon (D:9)
  A vampire mosquito (D:9)
  A water moccasin (D:8)
  A sky beast (D:7)
  2 centaurs (D:9)
  2 kobold brigands (D:9)
  A gnoll sergeant (D:10)
  A wight (D:8)
  2 killer bees (D:8)
  An orc priest (D:9)
  An orc wizard (D:9)
  2 gnolls (D:6)
  7 orcs
  2 kobolds (D:9)
36 creatures vanquished.

Vanquished Creatures (others)
  5 hexers
  2 ancestors
7 creatures vanquished.

Grand Total: 333 creatures vanquished

Notes
Turn   | Place    | Note
-------+----------+-------------------------------------------
     0 | D:1      | magipi the Minotaur Brigand began the quest for the Orb.
     0 | D:1      | Reached XP level 1. HP: 18/18 MP: 0/0
   122 | D:1      | Reached XP level 2. HP: 25/25 MP: 1/1
   502 | D:1      | Reached skill level 1 in Armour
   515 | D:1      | Reached XP level 3. HP: 31/31 MP: 2/2
   628 | D:2      | Identified the +2 helmet of the Saviour {rC+}
   973 | D:2      | Noticed Jessica
   981 | D:2      | Killed Jessica
   982 | D:2      | Reached XP level 4. HP: 31/40 MP: 3/3
  1028 | D:2      | Reached skill level 2 in Armour
  1872 | D:3      | Reached XP level 5. HP: 34/46 MP: 4/4
  2067 | D:3      | Reached skill level 3 in Armour
  2250 | D:3      | Identified the +5 hand axe of Misheyrch {holy, rElec Str-5
                  | Dex+8}
  2278 | D:3      | Found a faded altar of an unknown god.
  2887 | D:4      | Noticed Edmund
  2909 | D:4      | Killed Edmund
  2910 | D:4      | Reached skill level 4 in Armour
  2910 | D:4      | Reached XP level 6. HP: 32/52 MP: 5/5
  3151 | D:4      | Reached skill level 1 in Maces & Flails
  3180 | D:4      | Found a staircase to the Ecumenical Temple.
  3187 | Temple   | Entered the Ecumenical Temple
  3255 | Temple   | Became a worshipper of Hepliaklqana the Forgotten
  3728 | D:5      | Entered Level 5 of the Dungeon
  4035 | D:5      | Reached skill level 5 in Throwing
  4035 | D:5      | Reached skill level 5 in Armour
  4065 | D:5      | Reached XP level 7. HP: 52/59 MP: 6/6
  4432 | D:5      | Reached skill level 6 in Armour
  4690 | D:5      | Identified the +1 pair of gloves "Ferghevecu" {^Drain rPois
                  | rC+ Int+3 Dex+3}
  4769 | D:6      | Reached XP level 8. HP: 37/66 MP: 7/7
  4790 | D:6      | Found a glowing drain.
  4867 | Sewer    | Entered a sewer
  4905 | Sewer    | Reached skill level 7 in Armour
  5229 | D:6      | Noticed Maggie
  5234 | D:6      | Reached * piety under Hepliaklqana
  5287 | D:6      | Killed Maggie
  5288 | D:6      | Reached skill level 8 in Armour
  5333 | D:6      | Noticed Prince Ribbit
  5346 | D:6      | Killed Prince Ribbit
  5359 | D:6      | Identified the +0 ring mail "Hialon" {Str+3}
  5387 | D:6      | Reached skill level 9 in Armour
  5396 | D:6      | Reached XP level 9. HP: 46/63 MP: 8/8
  5429 | D:6      | Noticed Menkaure
  5434 | D:6      | Killed Menkaure
  5772 | D:6      | Found a runed translucent door.
  5773 | D:6      | Noticed Crazy Yiuf
  6070 | D:7      | Noticed a troll
  6093 | D:7      | Killed a troll
  6094 | D:7      | Reached skill level 10 in Armour
  6319 | D:7      | Reached ** piety under Hepliaklqana
  6320 | D:7      | Remembered your ancestor Bohike as a hexer
  7078 | D:7      | Found Michael's Dragon-Slaying Spoils.
  7280 | D:8      | Reached skill level 11 in Armour
  7280 | D:8      | Reached XP level 10. HP: 70/70 MP: 9/9
  7318 | D:8      | Found an opulent altar of Gozag.
  7350 | D:8      | Found a snail-covered altar of Cheibriados.
  7425 | D:8      | Reached skill level 5 in Axes
  7447 | D:8      | Reached skill level 10 in Throwing
  8011 | D:8      | Reached skill level 1 in Invocations
  8071 | D:9      | Reached skill level 1 in Evocations
  8237 | D:9      | Found a sacrificial altar of Ru.
  8617 | D:9      | Found a staircase to the Lair.
  8947 | D:10     | Entered Level 10 of the Dungeon
  8947 | D:10     | Reached *** piety under Hepliaklqana
  9024 | D:10     | Reached XP level 11. HP: 38/75 MP: 12/12
  9200 | D:10     | Found an iron altar of Okawaru.
  9225 | D:10     | Found a staircase to the Orcish Mines.
  9531 | D:10     | Found a hide-covered altar of Uskayaw.
  9898 | D:10     | Found a burning altar of Makhleb.
 10302 | D:10     | Noticed a two-headed ogre
 10318 | D:10     | Killed a two-headed ogre
 10361 | D:11     | Noticed a boulder beetle
 10361 | D:11     | Found Joonoim's Weapon Boutique.
 10496 | D:11     | Killed a boulder beetle
 10606 | D:11     | Found a portal to a secret trove of treasure.
 10786 | D:11     | Bought 3 javelins for 108 gold pieces
 10792 | D:11     | Identified the orb of the Devil's Team {*channel, *Slow
                  | rCorr Stlth+ Fire}
 10810 | D:11     | Reached skill level 5 in Invocations
 10847 | D:11     | Reached skill level 5 in Evocations
 11073 | D:12     | Noticed a boulder beetle
 11091 | D:12     | Noticed a boulder beetle
 11105 | D:12     | Reached **** piety under Hepliaklqana
 11291 | D:12     | Killed a boulder beetle
 11311 | D:12     | Killed a boulder beetle
 11312 | D:12     | Reached skill level 10 in Axes
 11341 | D:12     | Noticed a two-headed ogre
 11352 | D:12     | Killed a two-headed ogre
 11353 | D:12     | Reached skill level 5 in Fighting
 11538 | D:12     | You fall into a shaft and drop 2 floors!
 11554 | D:14     | Noticed a centaur warrior
 11574 | D:14     | Killed a centaur warrior
 11575 | D:14     | Reached XP level 12. HP: 42/84 MP: 15/15
 11752 | D:14     | Noticed a four-headed hydra
 11779 | D:14     | Killed a four-headed hydra
 11804 | D:14     | Slain by a red ugly thing

Illustrated notes

Levels and vault maps discovered:
D:1:      onia_arrival_pyramid, layout_loops_corners,
          chequers_serial_rivers_micro_b, minmay_lizard_king
D:2:      layout_basic, minmay_misc_feat_doors, uniq_jessica
D:3:      layout_loops_ring, shapermc_ecumenical_altar_mp_highgroup
D:4:      layout_basic, minmay_temple_entry_nine_rooms,
          nicolae_figureground_pulse, uniq_edmund
D:5:      layout_loops_cross
D:6:      layout_cave_pools, portal_sewer_entry_f, uniq_prince_ribbit1,
          uniq_maggie, uniq_menkaure, uniq_crazy_yiuf_cottage
D:7:      layout_basic, nicolae_shop_dragon_depot
D:8:      layout_loops_ring, mainiacjoe_overflow_catch_the_wave
D:9:      layout_irregular_city, lemuel_doored_altar, david_lair_shrubbed
D:10:     layout_stronghold, kennysheep_okawaru_gauntlet, lemuel_round_altar,
          old_standard_altar, david_orc_3
D:11:     layout_layer_cave, serial_shops, nicolae_stop_n_shop_2,
          trove_entry_hex_spiral
D:12:     layout_rooms
D:14:     layout_loops_ring, lightli_vaults_fourway_checkpoint,
          nicolae_qazlal_general_emergency, uniq_lodul
Temple:   compressed_dpeg_triangle_lava_temple

Skill      XL: |  1  2  3  4  5  6  7  8  9 10 11 12 |
---------------+-------------------------------------+-----
Fighting       | 3 4 5 |  5.7
Armour         | 1 2 4 5 6 9 11 | 11.8
Throwing       | 3 4 5 6 8 9 10 | 10.3
Maces & Flails | 2 3 |  3.4
Axes           | 4 7 10 | 10.5
Invocations    | 3 6 |  6.6
Evocations     | 3 5 6 |  6.0
Dodging        | 3 |  3.8
Short Blades   | |  2.1
Stealth        | |  3.2

Action                     |  1- 3 |  4- 6 |  7- 9 | 10-12 || total
---------------------------+-------+-------+-------+-------++-------
  Melee: Dagger            |    92 |   115 |   233 |       ||   440
         Headbutt          |    10 |    30 |    78 |    74 ||   192
         Punch             |       |     1 |     7 |     4 ||    12
         Flail             |       |    23 |    24 |       ||    47
         Broad axe         |       |       |    66 |   158 ||   224
         Hand axe          |       |       |       |   132 ||   132
         Morningstar       |       |       |       |     3 ||     3
  Throw: Dart              |       |    13 |     4 |     5 ||    22
         Javelin           |       |       |     2 |     5 ||     7
         Boomerang         |       |       |       |    25 ||    25
 Invoke: Ancestor Identity |       |       |     1 |       ||     1
         Ancestor Life: He |       |       |     1 |       ||     1
         Recall Ancestor   |       |       |       |     3 ||     3
  Evoke: Wand              |       |       |       |    17 ||    17
    Use: Scroll            |       |    10 |     5 |     6 ||    21
         Potion            |       |       |     2 |       ||     2
   Stab: Sleeping          |     1 |       |       |     1 ||     2
         Confused          |       |       |     1 |    15 ||    16
         Distracted        |       |       |       |     8 ||     8
         Paralysed         |       |       |       |     8 ||     8
 Armour: Robe              |    12 |       |       |       ||    12
         Scale mail        |    23 |       |       |       ||    23
         Chain mail        |    13 |    84 |   197 |       ||   294
         Acid dragon scale |       |       |    98 |   267 ||   365
  Dodge: Dodged            |    33 |    54 |   168 |   205 ||   460
